 Dungeon Crawl Stone Soup version 0.31-a0-845-g9abc20d24f (webtiles) character file.

Game seed: 2147474494579512611

132 arglypuff the Ducker (level 5, -4/35 HPs)
             Began as a Djinni Hedge Wizard on Oct 1, 2023.
             Killed from afar by Sigmund (5 damage)
             ... with a magic dart
             ... on level 3 of the Dungeon.
             The game lasted 00:04:49 (2309 turns).

arglypuff the Ducker (Djinni Hedge Wizard)          Turns: 2309, Time: 00:04:50

Health: -4/35      AC:  3    Str:  9    XL:     5   Next: 38%
Gold:   108        EV: 13    Int: 18    God:
                   SH:  0    Dex: 12

rFire   + + .        k - +2 mace (protect)
rCold   x . .        (no shield)
rNeg    . . .        b - +0 robe
rPois   ∞            c - +0 hat
rElec   .            g - +0 cloak
rCorr   .            (no gloves)
SInv    .            (boots unavailable)
Will    .....        (no amulet)
Stlth   ++           (no ring)
HPRegen 0.25/turn    (no ring)
MPRegen 0.00/turn

%: infuse magic (-5 HP)
@: flying
A: sickness immunity, fire resistance 2, cold vulnerability 1, float, innate
caster, HP casting, extra vitality 1
a: no special abilities


You were on level 3 of the Dungeon.
You visited 1 branch of the dungeon, and saw 3 of its levels.

You collected 108 gold pieces.

Inventory:

Hand Weapons
 a - a +0 dagger
 k - a +2 mace of protection (weapon)
Armour
 b - a +0 robe (worn)
 c - a +0 hat (worn)
 g - a +0 cloak (worn)
Scrolls
 e - a scroll of fog {unknown}
 f - a scroll of enchant weapon {unknown}
 i - a scroll of enchant armour {unknown}
 l - a scroll of teleportation {unknown}
Potions
 d - a potion of curing
 h - a potion of berserk rage {unknown}
 j - a potion of might {unknown}


   Skills:
 + Level 0.1 Fighting
 + Level 3.9 Dodging
 + Level 3.2 Stealth
 + Level 3.2 Spellcasting
 + Level 3.2 Conjurations
 + Level 3.2 Hexes
 + Level 3.2 Summonings
 + Level 3.2 Necromancy
 + Level 3.2 Translocations
 + Level 3.2 Transmutations
 + Level 3.2 Fire Magic
 + Level 3.2 Ice Magic
 + Level 3.2 Air Magic
 + Level 3.2 Earth Magic
 + Level 3.2 Poison Magic


You knew the following spells:

 Your Spells              Type           Power      Damage    Failure   Level
a - Magic Dart            Conj           56%        1d5       4%          1
b - Slow                  Hex            56%        N/A       4%          1
c - Blink                 Tloc           28%        N/A       6%          2
d - Call Imp              Summ           28%        N/A       6%          2
e - Mephitic Cloud        Conj/Pois/Air  14%        N/A       13%         3
f - Apportation           Tloc           28%        N/A       4%          1
g - Ensorcelled Hibernat  Hex/Ice        28%        N/A       6%          2
Your spell library was empty.

Dungeon Overview and Level Annotations

Branches:
Dungeon (3/15)

Altars:
Uskayaw

Annotations:
D:3 Sigmund


Innate Abilities, Weirdness & Mutations

You are immune to sickness and miasma.
You are immune to poison.
Your flesh is very heat resistant. (rF++)
You are vulnerable to cold. (rC-)
You float through the air rather than walking.
You learn spells naturally, not from books.
Your magical power is your life essence.
You have superior vitality. (+4 MHP)


Message History

The puff of flame hits you. You resist.
* * * LOW HITPOINT WARNING * * *
Sigmund gestures at you while chanting. You resist with some effort.
Casting: Magic Dart (safe; 4% risk of failure)
Confirm with . or Enter, or press ? or * to list all spells.
Aiming: Magic Dart (safe; 4% risk of failure)
Press: ? - help, Shift-Dir - straight line, f/p - Sigmund
Aim: Sigmund, wielding a +0 scythe and wearing a +2 robe of willpower (severely wounded, 100% to hit)
The magic dart hits Sigmund but does no damage.
Sigmund is severely wounded.
* * * LOW HITPOINT WARNING * * *
Casting: Magic Dart (safe; 4% risk of failure)
Confirm with . or Enter, or press ? or * to list all spells.
Aiming: Magic Dart (safe; 4% risk of failure)
Press: ? - help, Shift-Dir - straight line, f/p - Sigmund
Aim: Sigmund, wielding a +0 scythe and wearing a +2 robe of willpower (severely wounded, 100% to hit)
The magic dart hits Sigmund.
Sigmund is severely wounded.
* * * LOW HITPOINT WARNING * * *
Casting: Magic Dart (safe; 4% risk of failure)
Confirm with . or Enter, or press ? or * to list all spells.
Aiming: Magic Dart (safe; 4% risk of failure)
Press: ? - help, Shift-Dir - straight line, f/p - Sigmund
Aim: Sigmund, wielding a +0 scythe and wearing a +2 robe of willpower (severely wounded, 100% to hit)
The magic dart hits Sigmund but does no damage.
Sigmund is severely wounded.
* * * LOW HITPOINT WARNING * * *
Sigmund casts a spell at you. The magic dart hits you!
* * * LOW HITPOINT WARNING * * *
Casting: Magic Dart (safe; 4% risk of failure)
Confirm with . or Enter, or press ? or * to list all spells.
You don't have enough health to cast this spell.
Unknown command.
Unknown command.
Sigmund gestures at you while chanting. The magic dart hits you.
You die...
Sigmund begins carving another notch in his scythe.

#####...# #.# #.#.# #.# #.# #.#.#
#.# ###.####### #.#..
#.#####.........#######.##.
#....##...............#.##.
#....##...............#.###
#....##...............#.# #
#######....##...@.....@.....#.###
......)....####'######......#....
#######....####.### #......###..
#....†'.........#.. +...........
#.#####....######.# #......###..
#.# ###......##.# #......# ###
#.# #......##.# #......# #.#
#.....)##.########### #.#
#...............#


You could see Sigmund.

Vanquished Creatures
  An orc priest (D:3)
  An adder (D:2)
  2 worms (D:2)
  2 dart slugs (D:1)
  3 orcs (D:3)
  4 ball pythons
  3 bats (D:1)
  8 endoplasms
  2 giant cockroaches (D:1)
  2 goblins
  5 hobgoblins
  3 kobolds
  4 quokkas
  6 frilled lizards
  2 rats (D:2)
48 creatures vanquished.

Vanquished Creatures (collateral kills)
  Jessica (D:2)
1 creature vanquished.

Grand Total: 49 creatures vanquished

Notes
Turn   | Place    | Note
-------+----------+-------------------------------------------
     0 | D:1      | arglypuff the Djinni Hedge Wizard began the quest for the
                  | Orb.
     0 | D:1      | arglypuff set off with the following spells memorised:
                  | Magic Dart, Slow, Blink, Call Imp, Mephitic Cloud.
     0 | D:1      | Reached XP level 1. HP: 15/15 MP: 0/0
   137 | D:1      | Reached XP level 2. HP: 19/21 MP: 0/0
   458 | D:1      | You are sucked into a shaft and drop 1 floor!
   498 | D:2      | Reached XP level 3. HP: 23/25 MP: 0/0
   498 | D:2      | Learned a level 1 spell: Apportation
   616 | D:2      | Noticed Jessica
   661 | D:2      | Killed Jessica
   662 | D:2      | Reached XP level 4. HP: 20/31 MP: 0/0
  1126 | D:2      | Found a faded altar of an unknown god.
  1682 | D:3      | Found a hide-covered altar of Uskayaw.
  1682 | D:3      | Noticed Sigmund
  1962 | D:3      | Reached XP level 5. HP: 29/35 MP: 0/0
  1962 | D:3      | Learned a level 2 spell: Ensorcelled Hibernation
  2308 | D:3      | HP: 1/35 [Sigmund/magic dart (8)]
  2309 | D:3      | Killed from afar by Sigmund

Illustrated notes

Levels and vault maps discovered:
D:1:      psy_arrival_terrarium, layout_loops_ring, chequers_mini_garden,
          minmay_heptomino_o4
D:2:      layout_rooms, shapermc_ecumenical_altar_venn, st_stairs_7,
          item_on_display_a, uniq_jessica
D:3:      layout_basic, nicolae_uskayaw_dance_hall, st_stairs_7, uniq_sigmund

Skill      XL: |  1  2  3  4 |
---------------+-------------+-----
Stealth        | 2 3 |  3.2
Dodging        | 3 |  3.9
Spellcasting   | 3 |  3.2
Conjurations   | 3 |  3.2
Hexes          | 3 |  3.2
Summonings     | 3 |  3.2
Necromancy     | 3 |  3.2
Translocations | 3 |  3.2
Transmutations | 3 |  3.2
Fire Magic     | 3 |  3.2
Ice Magic      | 3 |  3.2
Air Magic      | 3 |  3.2
Earth Magic    | 3 |  3.2
Poison Magic   | 3 |  3.2
Fighting       | |  0.1

Action                     |  1- 3 |  4- 6 || total
---------------------------+-------+-------++-------
  Melee: Mace              |       |     1 ||     1
   Cast: Magic Dart        |    66 |    99 ||   165
         Call Imp          |     1 |     3 ||     4
         Mephitic Cloud    |       |     1 ||     1
    Use: Potion            |       |     1 ||     1
 Armour: Robe              |     7 |    20 ||    27
  Dodge: Dodged            |     6 |    14 ||    20

Table legend: (Time is in decaauts)
 A = Elapsed time spent in this place.
 B = Non-inter-level travel time spent in this place.
 C = Inter-level travel time spent in this place.
 D = Time resting spent in this place.
 E = Time spent auto-exploring this place.
 F = Levels seen in this place.
 G = Mean time per level.
                   A        B        C        D        E       F      G
               +--------+--------+--------+--------+--------+-----+--------+
         Total |   2309 |   2177 |    132 |    141 |   1638 |   3 |  769.7 |
       Dungeon |   2309 |   2177 |    132 |    141 |   1638 |   3 |  769.7 |
               +--------+--------+--------+--------+--------+-----+--------+

Top non-repeatable levels by time:
     D:2: 917 daAuts
     D:1: 889 daAuts
     D:3: 502 daAuts
